 Dungeon Crawl Stone Soup version 0.27.1-4-g1640c2035a (webtiles) character file.

Game seed: 9432664692897420455

128667 pkoi the Brawler (level 16, -1/144 HPs)
             Began as a Troll Monk on Nov 12, 2021.
             Was a Priest of Cheibriados.
             Slain by a 14-headed hydra (14 damage)
             ... on level 7 of the Dungeon.
             The game lasted 00:48:49 (23573 turns).

pkoi the Brawler (Troll Monk)                      Turns: 23573, Time: 00:48:50

Health: -1/144     AC: 15    Str: 34    XL:     16   Next: 48%
Magic:  24/24      EV: 20    Int: 17    God:    Cheibriados [***...]
Gold:   179        SH: 12    Dex: 20    Spells: 16/21 levels left

rFire    . . .     SeeInvis +     - Unarmed
rCold    . . .     Faith    .   P - +0 kite shield {reflect}
rNeg     . . .     Spirit   .   k - +2 robe of Vines {NoPotionHeal Regen+++}
rPois    .         Reflect  +   (helmet restricted)
rElec    +         Harm     .   v - +4 cloak of Fortitude {rElec Int-3 Slay+5}
rCorr    .         Rampage  .   (gloves unavailable)
Will     +....                  (boots unavailable)
Stlth    ++........             g - amulet of the acrobat
HPRegen  4.34/turn              b - +4 ring of evasion
MPRegen  0.19/turn              m - ring of Xuypuon {AC+4 Int+4 SInv}

@: very slow
A: large, unfitting armour, claws 3, regeneration 1, shaggy fur 1, tough skin 1
a: Renounce Religion, Bend Time, Temporal Distortion


You were on level 7 of the Dungeon.
You worshipped Cheibriados.
Cheibriados was most pleased with you.
You visited 5 branches of the dungeon, and saw 25 of its levels.
You also visited: Sewer, Bailey and Ice Cave.

You collected 2664 gold pieces.
You spent 2485 gold pieces at shops.

Inventory:

Hand Weapons
 x - the +10 spear "Unkual" {vamp, Str+2}
   (You found it in an ice cave)

   It occasionally heals its wielder for a portion of the damage dealt when it
   wounds a living foe.
   Str:       It affects your strength (+2).
Missiles
 h - 7 throwing nets
 p - 74 poisoned darts
 w - 61 boomerangs
 H - 3 curare-tipped darts
 L - 19 large rocks (quivered)
Armour
 d - a +2 cloak of stealth
 k - the +2 robe of Vines (worn) {NoPotionHeal Regen+++}
   (You bought it in a shop on level 2 of the Orcish Mines)

   Its wearer cannot be healed by potions.
   Regen:     It increases your rate of health regeneration.
 t - +0 steam dragon scales
 v - the +4 cloak of Fortitude (worn) {rElec Int-3 Slay+5}
   (You found it on level 7 of the Dungeon)

   Int:       It affects your intelligence (-3).
   Slay:      It affects your accuracy & damage with ranged weapons and melee
   (+5).
   rElec:     It insulates you from electricity.
 P - a +0 kite shield of reflection (worn)
Jewellery
 b - a +4 ring of evasion (left claw)
 g - an amulet of the acrobat (around neck)
 m - the ring of Xuypuon (right claw) {AC+4 Int+4 SInv}
   (You bought it in a shop on level 2 of the Orcish Mines)

   [ring of protection]

   AC:        It affects your AC (+4).
   Int:       It affects your intelligence (+4).
   SInv:      It lets you see invisible.
 F - the ring of Etolod {rF++ rC+}
   (You bought it in a shop on level 2 of the Orcish Mines)

   [ring of protection from cold]

   rF:        It greatly protects you from fire.
   rC:        It protects you from cold.
 J - the amulet of Vetsog {Reflect rF- Str+7 SH+5}
   (You found it on level 2 of the Orcish Mines)

   [amulet of reflection]

   It reflects blocked missile attacks.
   Str:       It affects your strength (+7).
   rF:        It makes you vulnerable to fire.
   SH:        It affects your SH (+5).
 M - a ring of fire
 Q - a ring of willpower
Wands
 a - a wand of flame (14)
 e - a wand of charming (9)
 n - a wand of digging (13)
 u - a wand of polymorph (22)
 C - a wand of iceblast (4)
Scrolls
 c - 2 scrolls of blinking
 f - 8 scrolls of teleportation
 o - 21 scrolls of identify
 r - 7 scrolls of amnesia
 s - 7 scrolls of enchant armour
 y - a scroll of brand weapon
 z - 3 scrolls of fear
 B - a scroll of summoning
 I - a scroll of enchant weapon
Potions
 i - a potion of ambrosia
 j - 3 potions of resistance
 l - 8 potions of curing
 q - 2 potions of magic
 A - 5 potions of heal wounds
 E - 3 potions of might
 G - 2 potions of cancellation
 O - 3 potions of brilliance
Miscellaneous
 D - a phantom mirror
 K - a condenser vane


   Skills:
 - Level 6.1 Fighting
 - Level 9.9 Throwing
 - Level 2.5 Armour
 - Level 11.3 Dodging
 - Level 1.0 Stealth
 + Level 6.5 Shields
 - Level 15.5 Unarmed Combat
 - Level 3.1 Spellcasting
 - Level 3.4 Hexes
 - Level 3.3 Transmutations
 - Level 4.0 Earth Magic
 - Level 12.2 Invocations
 - Level 3.4 Evocations


You had 16 spell levels left.
You knew the following spells:

 Your Spells              Type           Power      Damage    Failure   Level
a - Confusing Touch       Hex            14%        N/A       22%         3
b - Passwall              Tmut/Erth      12%        N/A       10%         2

Your spell library contained the following spells:

 Spells                   Type           Power      Damage    Failure   Level
 Sandblast                Erth           32%        2d9       5%          1
 Slow                     Hex            14%        N/A       11%         2
 Wereblood                Tmut           14%        N/A       11%         2
 Magic Dart               Conj           8%         1d3       28%         1
 Call Imp                 Summ           2%         N/A       41%         2
 Static Discharge         Conj/Air       2%         N/A       41%         2
 Summon Guardian Golem    Hex/Summ       8%         N/A       41%         3
 Leda's Liquefaction      Hex/Erth       7%         N/A       54%         4
 Call Canine Familiar     Summ           2%         N/A       65%         3
 Mephitic Cloud           Conj/Pois/Air  2%         N/A       65%         3
 Vampiric Draining        Necr           1%         2d6       65%         3
 Fulminant Prism          Conj/Hex       4%         3d6       82%         4
 Lee's Rapid Deconstruct  Erth           8%         3d8*      83%         5
 Yara's Violent Unravell  Hex/Tmut       7%         3d5       89%         5
 Blade Hands              Tmut           7%         N/A       90%         5
 Dispel Undead            Necr           2%         3d7       96%         4
 Iskenderun's Mystic Bla  Conj/Tloc      2%         2d3       96%         4
 Olgreb's Toxic Radiance  Pois           2%         N/A       96%         4
 Sticky Flame             Conj/Fire      2%         2d3       96%         4
 Conjure Ball Lightning   Conj/Air       1%         3x3d6     100%        6
 Haunt                    Necr/Summ      1%         N/A       100%        7
 Discord                  Hex            7%         N/A       100%        8
 Disjunction              Tloc           1%         N/A       100%        8


Dungeon Overview and Level Annotations

Branches:
Dungeon (14/15)            Temple (1/1) D:4            Lair (6/6) D:9
  Swamp (2/4) Lair:4        Snake (0/4) Lair:2        Slime (0/5) Lair:5
    Orc (2/2) D:10            Elf (0/3) Orc:2         Sewer (visited)
 Bailey (visited)           IceCv (visited)
 Vaults: D:13-14

Altars:
Ashenzari
Cheibriados
Dithmenos
Elyvilon
Fedhas
Gozag
Hepliaklqana
Kikubaaqudgha
Makhleb
Nemelex Xobeh
Okawaru
Qazlal
Ru
Sif Muna
Trog
Uskayaw
Vehumet
Wu Jian
Xom
Yredelemnul
Zin
The Shining One
Beogh
Jiyva
Lugonu

Shops:
D:1 =   D:2 (   D:9 [   D:10 (   D:12 *   D:14 (   Orc:2 [:=[

Portals:
Abyss: D:13

Annotations:
D:7 1 transporter, azzazzello's ghost, novice GnWn
D:9 exclusion: statue
D:10 exclusions: oklob plant and oklob sapling
D:12 exclusion: orange crystal statue
D:14 3 runed translucent doors
Lair:1 3 runed translucent doors, jjjjhere's ghost, novice MiBe


Innate Abilities, Weirdness & Mutations

You are too large for most types of armour.
You have claws for hands.
Your natural rate of healing is unusually fast.
You are covered in fur. (AC +1)
You have tough skin. (AC +1)


Message History

The black bear misses you. The bullfrog closely misses you.
You claw one of the 12-headed hydra's heads off!
The 11-headed hydra grows two more!
You eviscerate the 13-headed hydra!!!
The 13-headed hydra is almost dead.
The water moccasin rages.
The yak completely misses you.
You block the 13-headed hydra's attack. x2
The 13-headed hydra barely misses you.
The 13-headed hydra bites you but does no damage.
The 13-headed hydra closely misses you.
The 13-headed hydra bites you but does no damage.
You block the 13-headed hydra's attack. The 13-headed hydra bites you!
* * * LOW HITPOINT WARNING * * *
The 13-headed hydra bites you!
* * * LOW HITPOINT WARNING * * *
The 13-headed hydra closely misses you. The 13-headed hydra bites you!!
* * * LOW HITPOINT WARNING * * *
The 13-headed hydra bites you but does no damage.
The 13-headed hydra closely misses you.
The bullfrog snags a nearby moth with its tongue.
The bullfrog closely misses you.
The black bear bites you but does no damage.
The black bear barely misses you. You block the black bear's attack.
The water moccasin rages.
You block the yak's attack.
Unknown command.
You rip one of the 13-headed hydra's heads off!
The 12-headed hydra grows two more!
You claw the 14-headed hydra!
The 14-headed hydra is almost dead.
The 14-headed hydra bites you but does no damage.
The 14-headed hydra bites you!
* * * LOW HITPOINT WARNING * * *
The 14-headed hydra closely misses you. The 14-headed hydra bites you.
* * * LOW HITPOINT WARNING * * *
You block the 14-headed hydra's attack. The 14-headed hydra barely misses you.
The 14-headed hydra closely misses you. The 14-headed hydra bites you.
* * * LOW HITPOINT WARNING * * *
You block the 14-headed hydra's attack.
The 14-headed hydra bites you but does no damage.
The 14-headed hydra misses you. The 14-headed hydra bites you!
You die...

.............###..............<..
...##..##.#.##.#####....<........
#..#...##...#......##.......^....
#.##.......##..#....##...).......
...#.......#.#...#..©#.#.........
......#....# .#.##..##.#.........
......#..#.##.#..)#.#©..#........
........##..#?#F....##...........
...........©#$SD@# #.....##....
......#.....#[y#hY.# #.#..#####..
.....##....##...W.#.##.#...###...
...........#..#.#...#..#........#
...........#..#.#...#.##..#.....)
...#..#....##....$..#.........#))
.....##.....###...###......##.##.
........##....#####..............
#.......##..........#............


You could see a 14-headed hydra (berserk), a moth of wrath, a yak (berserk), a
water moccasin (berserk), a black bear (berserk), a bullfrog and azzazzello's
ghost.

Vanquished Creatures
  A thorn hunter (Swamp:2)
  Kirke (Lair:4)
  Donald (Swamp:1)
  A tengu reaver (D:12)
  A fenstrider witch (Swamp:1)
  3 orc warlords (Orc:2)
  A frost giant (IceCv)
  2 bunyips (Swamp:2)
  An eleionoma (Swamp:2)
  Josephine (D:12)
  17 hydras
  4 boulder beetles
  A merfolk avatar (Lair:6)
  A centaur warrior (D:13)
  8 two-headed ogres
  5 death yaks (IceCv)
  4 alligators
  4 orc high priests (Orc:2)
  2 tengu warriors
  Sonja (D:11)
  3 skeletal warriors (D:11)
  2 goliath frogs (Swamp:2)
  2 spriggan druids (Swamp:2)
  A sea snake (Lair:6)
  3 swamp dragons
  4 bog bodies
  A harpy (Lair:6)
  3 deep elf pyromancers
  8 orc knights
  8 ugly things
  3 will-o-the-wisps
  4 orc sorcerers (Orc:2)
  4 slime creatures (D:12)
  6 cyclopes
  A black mamba (Lair:6)
  An ice statue (IceCv)
  A torpor snail (Lair:6)
  15 elephants
  8 cane toads
  9 komodo dragons
  10 rime drakes
  An efreet (D:13)
  5 trolls
  A bloated husk (Swamp:1)
  A meliai (D:12)
  2 wind drakes (Lair:6)
  A meliai (shapeshifter) (D:11)
  10 tyrant leeches
  Grinder (D:3)
  5 hornets
  13 polar bears
  20 blink frogs
  3 snapping turtles (Lair:6)
  7 dream sheep (Lair:5)
  A centaur simulacrum (D:14)
  2 spriggans (Swamp:2)
  4 wyverns
  6 wraiths
  63 yaks
  4 steam dragons
  Grum (Lair:1)
  5 basilisks
  16 vampire mosquitoes
  An acid dragon (D:10)
  5 wargs
  Duvessa (D:6)
  2 nagas (Lair:2)
  11 water moccasins
  6 swamp worms
  48 orc warriors
  A sky beast (D:5)
  A necrophage (D:4)
  A black bear (D:7)
  2 swamp drakes (Swamp:2)
  58 wolves
  17 ogres
  7 centaurs
  A kobold brigand (D:9)
  17 bullfrogs
  3 scorpions
  A gnoll sergeant (D:9)
  Dowan (D:6)
  A wyvern skeleton (D:6)
  2 water moccasin zombies
  5 killer bees (D:11)
  14 wights
  2 water moccasin skeletons (D:5)
  An electric eel (Lair:1)
  2 howler monkeys (D:10)
  A centaur zombie (D:9)
  A jelly (D:4)
  A gnoll shaman (D:7)
  22 orc priests
  4 hounds
  Ijyb (D:3)
  Terence (D:3)
  An iguana (D:5)
  13 orc wizards
  A hound skeleton (D:4)
  Robin (D:2)
  A howler monkey zombie (D:9)
  16 gnolls
  14 adders
  A white imp (D:5)
  An ufetubus (D:6)
  3 worms
  4 dart slugs
  94 orcs
  16 ball pythons
  4 endoplasms
  12 giant cockroaches
  26 goblins
  6 hobgoblins
  13 quokkas
  4 bats
  8 frilled lizards
  3 kobolds
  7 rats
  3 foxfires
823 creatures vanquished.

Vanquished Creatures (collateral kills)
  A swamp worm (Lair:4)
1 creature vanquished.

Vanquished Creatures (others)
  A will-o-the-wisp (Swamp:1)
  2 bloated husks
  3 humans (Lair:4)
  An orc priest (Orc:2)
  19 foxfires
  72 fungi
  A lurking horror (D:13)
  125 plants
224 creatures vanquished.

Grand Total: 1048 creatures vanquished

Notes
Turn   | Place    | Note
-------+----------+-------------------------------------------
     0 | D:1      | pkoi the Troll Monk began the quest for the Orb.
     0 | D:1      | Reached XP level 1. HP: 22/22 MP: 0/0
    25 | D:1      | Found Qussooth's Jewellery Shoppe.
   108 | D:1      | Reached XP level 2. HP: 29/29 MP: 1/1
   233 | D:1      | Found a faded altar of an unknown god.
   375 | D:1      | Reached skill level 4 in Unarmed Combat
   736 | D:2      | Reached XP level 3. HP: 36/36 MP: 2/2
   802 | D:2      | Reached XP level 4. HP: 26/44 MP: 3/3
   914 | D:2      | Reached skill level 5 in Unarmed Combat
   943 | D:2      | Noticed Robin
  1008 | D:2      | Killed Robin
  1142 | D:2      | Found Doruhase's Antique Weapon Shop.
  1409 | D:2      | Reached XP level 5. HP: 37/50 MP: 4/4
  1533 | D:3      | Noticed Grinder
  1546 | D:3      | Paralysed by Grinder for 4 turns
  1554 | D:3      | Killed Grinder
  1555 | D:3      | Reached skill level 7 in Unarmed Combat
  1555 | D:3      | Reached XP level 6. HP: 33/59 MP: 5/5
  1803 | D:3      | Noticed Terence
  1810 | D:3      | Killed Terence
  2262 | D:3      | Noticed Ijyb
  2269 | D:3      | Killed Ijyb
  2450 | D:4      | Found a glowing drain.
  2464 | D:4      | Reached skill level 8 in Unarmed Combat
  2467 | Sewer    | Entered a sewer
  2482 | Sewer    | Reached XP level 7. HP: 66/66 MP: 6/6
  3156 | D:4      | Found a stormy altar of Qazlal.
  3239 | D:4      | Reached skill level 9 in Unarmed Combat
  3291 | D:4      | Found a staircase to the Ecumenical Temple.
  3299 | Temple   | Entered the Ecumenical Temple
  3604 | Temple   | Became a worshipper of Cheibriados the Contemplative
  3604 | Temple   | Reached * piety under Cheibriados
  3604 | Temple   | Reached ** piety under Cheibriados
  3922 | D:5      | Entered Level 5 of the Dungeon
  3959 | D:5      | Reached skill level 1 in Invocations
  4084 | D:5      | Reached XP level 8. HP: 72/74 MP: 8/8
  4332 | D:6      | Reached skill level 11 in Unarmed Combat
  4332 | D:6      | Reached XP level 9. HP: 80/80 MP: 8/13
  4338 | D:6      | Learned a level 3 spell: Confusing Touch
  4512 | D:6      | Noticed Dowan
  4514 | D:6      | Noticed Duvessa
  4519 | D:6      | Killed Duvessa
  4526 | D:6      | Killed Dowan
  5158 | D:7      | Reached *** piety under Cheibriados
  5238 | D:7      | Found a transporter.
  5238 | D:7      | Noticed a moth of wrath
  5254 | D:7      | Reached skill level 12 in Unarmed Combat
  5311 | D:7      | Reached skill level 1 in Throwing
  5361 | D:7      | Noticed azzazzello's ghost (novice GnWn)
  5395 | D:7      | Found a transporter.
  5513 | D:7      | Identified the +4 cloak of Fortitude {rElec Int-3 Slay+5}
  5702 | D:8      | Reached skill level 1 in Hexes
  5767 | D:8      | Reached XP level 10. HP: 79/87 MP: 14/14
  5777 | D:8      | Reached skill level 1 in Spellcasting
  6042 | D:9      | Got the Papyrus of Calling and the Rocks
  6146 | D:9      | Found a staircase to the Lair.
  6202 | D:9      | Reached **** piety under Cheibriados
  6299 | D:9      | Found a snail-covered altar of Cheibriados.
  6315 | D:9      | Found Cheibriados's Comfort Zone.
  6616 | D:9      | Found a radiant altar of Vehumet.
  6955 | D:10     | Entered Level 10 of the Dungeon
  7031 | D:10     | Noticed an orc knight
  7051 | D:10     | Killed an orc knight
  7125 | D:10     | Found Fuel's Weapon Shoppe.
  7125 | D:10     | Found a staircase to the Orcish Mines.
  7284 | D:10     | Noticed a two-headed ogre
  7290 | D:10     | Killed a two-headed ogre
  7365 | D:10     | Reached XP level 11. HP: 94/94 MP: 16/16
  7372 | D:10     | Reached ***** piety under Cheibriados
  8014 | D:11     | Noticed a skeletal warrior
  8014 | D:11     | Noticed a skeletal warrior
  8025 | D:11     | Killed a skeletal warrior
  8068 | D:11     | Killed a skeletal warrior
  8177 | Lair:1   | Entered Level 1 of the Lair of Beasts
  8251 | Lair:1   | Noticed Grum
  8259 | Lair:1   | Killed Grum
  8304 | Lair:1   | Got the Tome of Stones and Poisoning
  8627 | Lair:1   | Found a runed translucent gate.
  8627 | Lair:1   | Found a runed translucent gate.
  8627 | Lair:1   | Found a runed translucent gate.
  8629 | Lair:1   | Noticed a quicksilver ooze
  8631 | Lair:1   | Noticed jjjjhere's ghost (novice MiBe)
  8633 | Lair:1   | Found a viscous altar of Jiyva.
  8984 | Lair:2   | Noticed an eight-headed hydra
  8994 | Lair:2   | Killed a 12-headed hydra
  9207 | Lair:2   | Identified the +8 short sword "Hurem" {protect, *Rage Fly
                  | rElec Dex-4}
  9270 | Lair:2   | Found a staircase to the Snake Pit.
  9296 | Lair:2   | You fall into a shaft and drop 1 floor!
  9374 | Lair:3   | Reached XP level 12. HP: 104/104 MP: 17/17
 10358 | Lair:3   | Noticed a five-headed hydra
 10365 | Lair:3   | Killed a six-headed hydra
 10366 | Lair:3   | Reached skill level 1 in Evocations
 10874 | Lair:4   | Reached skill level 13 in Unarmed Combat
 10900 | Lair:4   | Noticed Kirke
 10913 | Lair:4   | Killed Kirke
 10914 | Lair:4   | Reached skill level 5 in Throwing
 11405 | Lair:4   | Noticed a five-headed hydra
 11489 | Lair:4   | Noticed a six-headed hydra
 11494 | Lair:4   | Killed an eight-headed hydra
 11497 | Lair:4   | Killed an eight-headed hydra
 11551 | Lair:4   | Found a staircase to the Swamp.
 12193 | Lair:5   | Reached ****** piety under Cheibriados
 12194 | Lair:5   | Reached skill level 1 in Armour
 12479 | Lair:5   | Found a viscous altar of Jiyva.
 12479 | Lair:5   | Found a staircase to the Slime Pits.
 12878 | Lair:6   | Entered Level 6 of the Lair of Beasts
 12878 | Lair:6   | Noticed a four-headed hydra
 12888 | Lair:5   | Reached XP level 13. HP: 102/114 MP: 19/19
 13222 | Lair:6   | Reached skill level 10 in Invocations
 13428 | Lair:6   | Reached skill level 14 in Unarmed Combat
 13544 | Lair:6   | Reached XP level 14. HP: 122/124 MP: 20/20
 13706 | Lair:6   | Got Bithrira's Handbook of Ashen Shape Shifting
 14576 | D:11     | Reached skill level 10 in Dodging
 14613 | D:11     | Noticed Sonja
 14614 | D:11     | Killed Sonja
 15486 | D:12     | Noticed a tengu reaver
 15486 | D:12     | Noticed Josephine
 15491 | D:12     | Killed Josephine
 15501 | D:12     | HP: 4/124 [tengu reaver (3)]
 15505 | D:12     | Killed a tengu reaver
 15506 | D:12     | HP: 6/124 [poisoned by a tengu reaver (bolt of poison)]
 15633 | D:12     | Found a frozen archway.
 15644 | IceCv    | Entered an ice cave
 15695 | IceCv    | Identified the +10 spear "Unkual" {vamp, Str+2}
 15860 | IceCv    | Noticed a frost giant
 15873 | IceCv    | Killed a frost giant
 16454 | D:12     | Reached XP level 15. HP: 131/131 MP: 22/22
 16457 | D:12     | Learned a level 2 spell: Passwall
 16607 | D:12     | Found Meybom's Assorted Antiques.
 16619 | D:12     | Reached skill level 15 in Unarmed Combat
 17295 | D:13     | Reached skill level 1 in Earth Magic
 17491 | D:13     | Reached skill level 1 in Transmutations
 17559 | D:13     | Found a corrupted altar of Lugonu.
 17561 | D:13     | Found a one-way gate to the infinite horrors of the Abyss.
 17899 | D:13     | Reached skill level 5 in Fighting
 18033 | D:14     | Found Fufasman's Weapon Shoppe.
 18415 | D:14     | Found a runed translucent gate.
 18416 | D:14     | Found a runed translucent gate.
 18416 | D:14     | Found a runed translucent gate.
 18511 | Orc:1    | Entered Level 1 of the Orcish Mines
 18797 | Orc:1    | Found a flagged portal.
 18811 | Bailey   | Entered a bailey
 19538 | Orc:2    | Entered Level 2 of the Orcish Mines
 20158 | Orc:2    | Noticed an orc warlord
 20163 | Orc:2    | Killed an orc warlord
 20255 | Orc:2    | Noticed an orc warlord
 20275 | Orc:2    | HP: 1/133 [troll[an orc warlord] (9)]
 20279 | Orc:2    | Killed an orc warlord
 20475 | Orc:2    | Found Galuon's Book Shop.
 20712 | Orc:2    | Found Hejotios's Armour Boutique.
 20973 | Orc:2    | Noticed an orc warlord
 20981 | Orc:2    | Killed an orc warlord
 21306 | Orc:2    | Found Ashewar's Armour Emporium.
 21316 | Orc:2    | Bought the +2 robe of Vines {NoPotionHeal Regen+++} for
                  | 1120 gold pieces
 21316 | Orc:2    | Found the +2 robe of Vines {NoPotionHeal Regen+++}
 21332 | Orc:2    | Found Jelitoa's Jewellery Shoppe.
 21353 | Orc:2    | Bought the ring of Xuypuon {AC+4 Int+4 SInv} for 722 gold
                  | pieces
 21353 | Orc:2    | Bought the ring of Etolod {rF++ rC+} for 643 gold pieces
 21561 | Orc:2    | Found a staircase to the Elven Halls.
 21617 | Orc:2    | Identified the amulet of Vetsog {Reflect rF- Str+7 SH+5}
 21928 | Swamp:1  | Entered Level 1 of the Swamp
 21954 | Swamp:1  | Noticed Donald
 21959 | Swamp:1  | Noticed a fenstrider witch
 21962 | Swamp:1  | Paralysed by a fenstrider witch for 5 turns
 21968 | Swamp:1  | Killed a fenstrider witch
 22028 | Swamp:1  | Reached XP level 16. HP: 92/144 MP: 24/24
 22173 | Swamp:1  | Killed Donald
 22294 | Swamp:1  | Reached skill level 1 in Shields
 22700 | Swamp:2  | Reached skill level 5 in Shields
 22795 | Swamp:2  | Noticed a thorn hunter
 22916 | Swamp:2  | Killed a thorn hunter
 23573 | D:7      | Slain by a 14-headed hydra

Illustrated notes

Levels and vault maps discovered:
D:1:      dpeg_arrival_tiny_j, layout_loops_ring,
          hellmonk_ecumenical_altar_zigzags, serial_shops, shop, st_stairs_1,
          solitary_fountain, kennysheep_another_room
D:2:      layout_basic, serial_shops, nicolae_shop_stone,
          corexii_hall_statues_i, uniq_robin
D:3:      layout_basic, uniq_grinder, uniq_terence, uniq_ijyb
D:4:      layout_loops_ring, minmay_temple_entry_fiery, gup_sewer_entry_pipe,
          minmay_ruined_shrine, uniq_blork_the_orc
D:5:      layout_basic
D:6:      layout_basic, uniq_duvessa
D:7:      layout_cave_pools, gammafunk_ghost_berserking_beasts
D:8:      layout_rooms
D:9:      layout_stronghold, vehumet_statue, dpeg_oklobed_lair, minmay_shop_chei
D:10:     layout_basic, orc_david_3, introduction_to_nature_2
D:11:     minmay_bloctagon_deflated, layout_irregular_city, serial_rivers,
          chequers_serial_rivers_micro_c, chequers_serial_rivers_large_a,
          chequers_serial_rivers_small_a, chequers_serial_rivers_small_b,
          uniq_sonja
D:12:     layout_basic, serial_shops, nicolae_shop_window_shopping,
          serial_aquarium, aquarium_bridge_square [aquarium_subvault_bridge,
          aquarium_subvault_bridge, aquarium_subvault_balcony,
          aquarium_subvault_window], aquarium_window_fake, aquarium_window_fake,
          aquarium_window_fake, aquarium_window_2, aquarium_view_2b,
          aquarium_balcony_double_1, portal_ice_cave_rime, minivault_16,
          minmay_three_doors, uniq_josephine
D:13:     layout_long_grid, amcnicky_altar_lugonu_corruption
D:14:     layout_layer_cave, erik_vaults_1, nicolae_qazlal_general_emergency,
          gammafunk_ghost_spectres, serial_shops, nicolae_stop_n_shop_1,
          uniq_nessos
Temple:   roderic_octagonal_lattice_temple
Lair:1:   layout_misc_corridors, gammafunk_ghost_ooze, serial_bayou,
          serial_bayou_pond_e, serial_bayou_pond_c, serial_bayou_crossing,
          serial_bayou_shore_b, serial_bayou_lagoon_b,
          infiniplex_staircase_pool, lemuel_fruit_tree, uniq_grum
Lair:2:   layout_hall_layers, minmay_snake_entry_guardpost_small
Lair:3:   layout_hall_layers, grunt_megastairs_2
Lair:4:   layout_layer_cave, palyth_hydra_swamp_entry, minivault_26, uniq_kirke
Lair:5:   layout_gridlike, slime_altar_1, serial_bayou_pond_c,
          infiniplex_staircase_pool_2, grunt_megastairs_1
Lair:6:   gammafunk_lair_ancient_temple, layout_loops_ring,
          grunt_forest_large_clearings
Swamp:1:  layout_basic_swamp, evilmike_swamp_ruin_house_2, uniq_donald
Swamp:2:  layout_basic_swamp, evilmike_swamp_ruin_house_6, swamp_pool1,
          st_swamp_mini
Orc:1:    layout_caves, enter_bailey_3
Orc:2:    pubby_orc_utopia

Skill      XL: |  1  2  3  4  5  6  7  8  9 10 11 12 13 14 15 16 |
---------------+-------------------------------------------------+-----
Unarmed Combat | 4 5 7 8 9 11 12 13 14 15 | 15.5
Invocations    | 1 6 7 8 9 10 11 12 | 12.2
Dodging        | 6 7 8 9 10 11 | 11.3
Throwing       | 1 2 4 5 7 9 |  9.9
Hexes          | 1 2 3 |  3.4
Spellcasting   | 1 3 |  3.1
Fighting       | 4 6 |  6.1
Evocations     | 2 3 |  3.4
Armour         | 1 2 |  2.5
Earth Magic    | 3 4 |  4.0
Transmutations | 3 |  3.3
Shields        | 6 |  6.5
Stealth        | |  1.0

Action                   |  1- 3 |  4- 6 |  7- 9 | 10-12 | 13-15 | 16-18 || total
-------------------------+-------+-------+-------+-------+-------+-------++-------
Melee: Unarmed           |    59 |   159 |   204 |   451 |  1063 |   165 ||  2101
       Punch             |       |     4 |    11 |    39 |   109 |     3 ||   166
Throw: Dart              |       |       |       |     7 |     9 |     9 ||    25
       Boomerang         |       |       |       |    32 |    28 |       ||    60
       Large rock        |       |       |       |       |     3 |    11 ||    14
 Cast: Passwall          |       |       |       |       |     1 |       ||     1
Invok: Slouch            |       |       |       |     2 |    18 |     9 ||    29
Evoke: Phantom mirror    |       |       |       |     1 |       |       ||     1
       Wand              |       |       |       |       |     1 |       ||     1
  Use: Scroll            |       |     6 |    12 |     2 |     4 |       ||    24
       Potion            |       |       |     7 |     1 |     7 |       ||    15
 Stab: Sleeping          |     2 |     5 |     1 |     3 |    13 |       ||    24
       Distracted        |       |     1 |       |     3 |     2 |       ||     6
Armor: Robe              |    15 |    31 |    38 |    10 |    18 |    58 ||   170
       Steam dragon scal |       |       |       |    62 |   175 |       ||   237
Dodge: Dodged            |    21 |    56 |   139 |   538 |  1513 |   242 ||  2509
Block: Kite shield       |       |       |       |       |       |   120 ||   120
       Reflection        |       |       |       |       |       |     2 ||     2
